 Dungeon Crawl Stone Soup version 0.29-a0-648-g6b26cc9f40 (webtiles) character file.

Game seed: 9313595999625977675

39 Armakuni the Conjurer (level 3, -2/30 HPs)
             Began as a Meteoran Wanderer on June 20, 2022.
             Slain by an orc
             ... wielding a +0 hand axe
              (6 damage)
             ... on level 2 of the Dungeon.
             The game lasted 00:03:39 (789 turns).

Armakuni the Conjurer (Meteoran Wanderer)            Turns: 789, Time: 00:03:39

Health: -2/30      AC:  2    Str: 12    XL:     3   Next: 94%
Magic:  6/6        EV: 11    Int: 18    God:
Gold:   57         SH:  0    Dex: 12    Spells: 1/4 levels left

rFire   . . .      SeeInvis .   a - +0 rapier (flame)
rCold   . . .      Faith    .   (no shield)
rNeg    . . .      Spirit   .   c - +0 robe
rPois   .          Reflect  .   (no helmet)
rElec   .          Harm     .   (no cloak)
rCorr   .          Rampage  .   (no gloves)
Will    .....                   (no boots)
Stlth   +.........              (no amulet)
HPRegen 0.10/turn               (no ring)
MPRegen 0.10/turn               (no ring)

@: glowing
A: sense surroundings 1, otherworldly, glowing, explore regen
a: no special abilities


You were on level 2 of the Dungeon.
You visited 1 branch of the dungeon, and saw 2 of its levels.

You collected 57 gold pieces.

Inventory:

Hand Weapons
 a - a +0 rapier of flaming (weapon)
 d - a +0 club
Armour
 c - a +0 robe (worn)
Wands
 v - a wand of flame (6) (quivered)
Scrolls
 t - a scroll of teleportation


   Skills:
 + Level 2.6 Fighting
 - Level 2.0 Short Blades
 - Level 1.2 Dodging
 - Level 1.3 Spellcasting
 - Level 3.6 Conjurations
 - Level 2.1 Necromancy
 + Level 2.6 Evocations


You had one spell level left.
You knew the following spells:

 Your Spells              Type           Power      Damage    Failure   Level
z - Stone Arrow           Conj/Erth      14%        3d7       28%         3

Your spell library contained the following spells:

 Spells                   Type           Power      Damage    Failure   Level
 Necrotize                Necr           36%        1d5       8%          1
 Foxfire                  Conj/Fire      28%        2x1d5     10%         1
 Shock                    Conj/Air       28%        1d4       10%         1
 Sandblast                Erth           2%         2d4       19%         1
 Vampiric Draining        Necr           9%         2d6       24%         3
 Passwall                 Tmut/Erth      0%         N/A       28%         2


Dungeon Overview and Level Annotations

Branches:
Dungeon (2/15) Zot: 398

Altars:

Shops:
D:1 (


Innate Abilities, Weirdness & Mutations

You passively map a small area around you.
You are easily found by Zot.
You glow in the dark.
You regain HP and MP as you explore.


Message History

Items here: )) [ †.
You closely miss the orc. You closely miss the orc.
The orc hits you with a +0 flail.
You hit the orc. You burn the orc.
The orc is severely wounded.
The orc hits you with a +0 flail.
You hit the orc. You burn the orc.
You kill the orc!
You hit the orc. You burn the orc.
The orc is moderately wounded.
The orc hits you with a +0 mace.
You closely miss the orc.
The orc is lightly wounded.
The orc hits you with a +0 mace.
You closely miss the orc.
The orc is lightly wounded.
The orc hits you with a +0 mace.
You closely miss the orc.
The orc is lightly wounded.
The orc closely misses you.
You hit the orc. You burn the orc.
The orc is heavily wounded.
The orc barely misses you.
You closely miss the orc.
The orc is heavily wounded.
The orc barely misses you.
You hit the orc. You burn the orc.
You kill the orc!
The orc hits you with a +0 hand axe.
* * * LOW HITPOINT WARNING * * *
You closely miss the orc. The orc hits you with a +0 hand axe.
* * * LOW HITPOINT WARNING * * *
You hit the orc. You burn the orc.
The orc is heavily wounded.
The orc hits you with a +0 hand axe.
* * * LOW HITPOINT WARNING * * *
You hit the orc but do no damage.
The orc is heavily wounded.
The orc hits you with a +0 hand axe.
You die...

#.#* *, #.# #.# , #.# #.#
, #.# ##'## * ,# #.#
##...## * .. #.# ##.....##
* #... ..# ##.......##
.....
..####.........####......
.....'.........'@o.......
..####.....[...####...#..*
..# ##.......## * .....,
..# ##.....## ##.# #.#
##...## ,# #.# ##+## , ,*
#.# *, , #.# * #.# ,*


You could see an orc.

Vanquished Creatures
  A dart slug (D:1)
  4 orcs (D:2)
  2 bats (D:1)
  An endoplasm (D:1)
  4 giant cockroaches (D:1)
  3 goblins (D:1)
  3 hobgoblins (D:1)
  A kobold (D:1)
  3 ball pythons (D:1)
  3 frilled lizards (D:1)
  4 rats (D:1)
29 creatures vanquished.

Notes
Turn   | Place    | Note
-------+----------+-------------------------------------------
     0 | D:1      | Armakuni the Meteoran Wanderer began the quest for the Orb.
     0 | D:1      | Armakuni set off with the following items: a +0 club, a
                  | scroll of teleportation, a +0 robe, a wand of flame (6);
                  | and the following spells available to memorise: Necrotize,
                  | Foxfire, Shock, Vampiric Draining, Stone Arrow.
     0 | D:1      | Reached XP level 1. HP: 16/16 MP: 3/3
    22 | D:1      | Found Ophunadgh's Antique Weapon Shoppe.
   101 | D:1      | Reached XP level 2. HP: 21/23 MP: 5/5
   132 | D:1      | Reached skill level 1 in Short Blades
   296 | D:1      | Reached XP level 3. HP: 23/29 MP: 6/6
   302 | D:1      | Learned a level 3 spell: Stone Arrow
   789 | D:2      | Slain by an orc

Illustrated notes

Levels and vault maps discovered:
D:1:      tarquinn_simple_flora_water_c, layout_basic, serial_shops, shop
D:2:      layout_loops_corners

Skill      XL: |  1  2  3 |
---------------+----------+-----
Short Blades   | 1 2 |  2.0
Fighting       | 2 |  2.6
Dodging        | |  1.2
Spellcasting   | |  1.3
Conjurations   | |  3.6
Necromancy     | |  2.1
Evocations     | |  2.6

Action                   || total
-------------------------++-------
Melee: Rapier            ||    88
  Use: Scroll            ||     4
Armor: Robe              ||    30
Dodge: Dodged            ||    30

Table legend: (Time is in decaauts)
 A = Elapsed time spent in this place.
 B = Non-inter-level travel time spent in this place.
 C = Inter-level travel time spent in this place.
 D = Time resting spent in this place.
 E = Time spent auto-exploring this place.
 F = Levels seen in this place.
 G = Mean time per level.
                   A        B        C        D        E       F      G
               +--------+--------+--------+--------+--------+-----+--------+
         Total |    800 |    779 |     21 |      0 |    531 |   2 |  400.0 |
       Dungeon |    800 |    779 |     21 |      0 |    531 |   2 |  400.0 |
               +--------+--------+--------+--------+--------+-----+--------+

Top non-repeatable levels by time:
     D:1: 737 daAuts
     D:2: 63 daAuts
